 Dungeon Crawl Stone Soup version 0.18-a0-1220-g2dc6208 (webtiles) character file.

3014 IcyTea the Carver (level 10, -2/70 HPs)
             Began as a Formicid Abyssal Knight on Feb 3, 2016.
             Was a High Priest of Lugonu.
             Slain by Frenchkiss's ghost (11 damage)
             ... on level 8 of the Dungeon.
             The game lasted 00:57:06 (10002 turns).

IcyTea the Carver (Formicid Abyssal Knight)        Turns: 10002, Time: 00:57:06

Health: -2/70      AC:  9    Str: 21    XL:     10   Next: 10%
Magic:  14/14      EV:  5    Int: 14    God:    Lugonu [*****.]
Gold:   286        SH:  9    Dex: 10    Spells: 2 memorised, 8 levels left

rFire  . . .     SeeInvis +     i - +3 long sword (holy)
rCold  . . .     Gourm    .     r - +2 ring mail of the Earth {Str+3}
rNeg   . . .     Faith    .     o - +0 buckler
rPois  +         Spirit   .     (helmet unavailable)
rElec  .         Dismiss  .     C - +0 cloak {rPois}
rCorr  +         Reflect  +     B - +0 pair of gloves
SustAt .         Harm     .     (no boots)
MR     +....                    s - +4 amulet of reflection
Stlth  ..........               (no ring)
                                g - ring of resist corrosion

@: somewhat resistant to hostile enchantments, extremely unstealthy
A: permanent stasis, dig shafts and tunnels, four strong arms, antennae 3
a: Dig, Shaft Self, Depart the Abyss, Bend Space, Banish, Corrupt, Enter the
Abyss, Renounce Religion


You were on level 8 of the Dungeon.
You worshipped Lugonu.
Lugonu was extremely pleased with you.
You were very hungry.

You visited 2 branches of the dungeon, and saw 10 of its levels.
You visited the Abyss 1 time.

You collected 416 gold pieces.
You spent 130 gold pieces at shops.

Inventory:

Hand Weapons
 i - a +3 long sword of holy wrath (weapon)
Missiles
 e - 7 poisoned javelins (quivered)
 k - 9 tomahawks
 t - 8 javelins of penetration
Armour
 o - a +0 buckler (worn)
 r - the +2 ring mail of the Earth (worn) {Str+3}
   (You found it on level 7 of the Dungeon)

   It affects your strength (+3).
 B - a +0 pair of gloves (worn)
 C - a +0 cloak of poison resistance (worn)
Jewellery
 g - a ring of resist corrosion (left hand)
 s - a +4 amulet of reflection (around neck)
 w - an uncursed ring of fire
 A - an uncursed amulet of faith
Wands
 n - a wand of acid (14/15)
 x - a wand of acid (3/15)
 z - a wand of random effects (13/48)
Scrolls
 b - 3 scrolls of identify
 j - 3 scrolls of fog
 l - 4 scrolls of remove curse
 u - a scroll of magic mapping
 y - a scroll of fear
 D - a scroll of holy word {unknown}
Potions
 a - a potion of might
 f - a potion of curing
 h - a potion of flight
Books
 d - a book of Alchemy

   Spells                             Type                      Level
   a - Sublimation of Blood           Necromancy                   2
   b - Ignite Poison                  Fire/Transmutation/Poison    3
   c - Condensation Shield            Ice                          4
   d - Petrify                        Transmutation/Earth          4
   e - Alistair's Intoxication        Transmutation/Poison         5
   f - Irradiate                      Conjuration/Transmutation    5
 q - a book of Air

   Spells                             Type                      Level
   a - Shock                          Conjuration/Air              1
   b - Swiftness                      Charms/Air                   2
   c - Repel Missiles                 Charms/Air                   2
   d - Static Discharge               Conjuration/Air              3
   e - Lightning Bolt                 Conjuration/Air              5
Comestibles
 c - 8 bread rations
 m - 7 fruits
 p - 3 meat rations
 v - a beef jerky


   Skills:
 - Level 3.2 Fighting
 - Level 8.3 Long Blades
 - Level 2.1 Armour
 - Level 0.8 Dodging
 - Level 5.0 Shields
 + Level 2.7 Spellcasting
 - Level 3.6 Charms
 - Level 4.1 Transmutations
 - Level 7.7 Earth Magic
 - Level 4.5 Invocations


You had 8 spell levels left.
You knew the following spells:

 Your Spells              Type           Power        Failure   Level  Hunger
a - Petrify               Trmt/Erth      ###.....     34%         4    #####..
b - Repel Missiles        Chrm/Air       #.....       30%         2    ###....


Dungeon Overview and Level Annotations

Branches:
Dungeon (9/15)             Temple (1/1) D:6
   Lair: D:8-11         Orc: D:9-12

Altars:
Ashenzari
Cheibriados
Dithmenos
Elyvilon
Fedhas
Gozag
Kikubaaqudgha
Makhleb
Nemelex Xobeh
Okawaru
Pakellas
Qazlal
Ru
Sif Muna
Trog
Vehumet
Xom
Yredelemnul
Zin
The Shining One

Shops:
D:8 [

Annotations:
D:8 Frenchkiss's ghost, novice HOFi


Innate Abilities, Weirdness & Mutations

You are under a permanent stasis effect.
You can dig through walls and to a lower floor.
Your four strong arms can wield two-handed weapons with a shield.
You have a pair of large antennae on your head (SInv).


Message History

Frenchkiss's ghost is heavily damaged.
Frenchkiss's ghost hits you.
You hit Frenchkiss's ghost but do no damage.
Frenchkiss's ghost is heavily damaged.
Frenchkiss's ghost hits you!
You slash Frenchkiss's ghost!
Frenchkiss's ghost convulses.
Frenchkiss's ghost is severely damaged.
Frenchkiss's ghost hits you.
Your ring mail of the Earth prevents you from hitting Frenchkiss's ghost.
Frenchkiss's ghost is severely damaged.
Frenchkiss's ghost barely misses you.
You hit Frenchkiss's ghost.
Frenchkiss's ghost convulses.
Frenchkiss's ghost is severely damaged.
You block Frenchkiss's ghost's attack.
You closely miss Frenchkiss's ghost.
Frenchkiss's ghost is severely damaged.
Frenchkiss's ghost hits you!
* * * LOW HITPOINT WARNING * * *
Frenchkiss's ghost hits you!
You die...

### #.# #.# ..###
#.###.## #...###
#.#....#
###...#####...##.#
#####...#...####.#
..#####...### #.#
#...#...### #.##
###...### #..#
##### .#####@.#
#.......W#
########.#
###.#### {
#......# #.#.##.#
#.#.##.# #...##.#
###...##.#


You could see Frenchkiss's ghost.

Vanquished Creatures
  Pikel (D:6)
  Grinder (D:3)
  Sigmund (D:2)
  Menkaure (D:6)
  Edmund (D:4)
  Duvessa (D:5)
  A phantom (D:6)
  A centaur (D:8)
  4 ogres
  Blork the orc (D:5)
  A giant frog (D:6)
  3 scorpions
  Dowan (D:5)
  2 wights
  2 centaur zombies (D:6)
  A crimson imp (D:6)
  A giant frog skeleton (D:6)
  2 orc priests
  3 hounds
  7 orc wizards
  An iguana (D:8)
  Ijyb (D:3)
  Terence (D:3)
  5 worker ants
  2 hound skeletons
  Robin (D:4)
  6 adders
  A shadow imp (D:5)
  An ooze (D:3)
  2 worms
  3 giant geckos
  29 orcs
  9 giant cockroaches
  19 hobgoblins
  6 jackals (D:5)
  6 quokkas
  3 ball pythons
  11 bats
  5 giant newts
  25 goblins
  9 kobolds
  A quokka skeleton (D:5)
  12 rats
195 creatures vanquished.

Vanquished Creatures (others)
  A slave (D:6)
  A worker ant (D:6)
  An adder (D:6)
3 creatures vanquished.

Grand Total: 198 creatures vanquished

Notes
Turn   | Place    | Note
--------------------------------------------------------------
     0 | Abyss:1  | IcyTea the Formicid Abyssal Knight began the quest for the Orb.
     0 | Abyss:1  | Reached XP level 1. HP: 18/18 MP: 2/2
     4 | D:1      | Escaped the Abyss
   300 | D:1      | Reached XP level 2. HP: 6/24 MP: 3/3
   675 | D:1      | Reached ** piety under Lugonu
   960 | D:1      | Reached XP level 3. HP: 25/29 MP: 4/4
  1325 | D:2      | Noticed Sigmund
  1350 | D:2      | Killed Sigmund
  1350 | D:2      | Reached skill level 5 in Long Blades
  1350 | D:2      | Reached XP level 4. HP: 15/35 MP: 5/5
  1350 | D:2      | Reached XP level 5. HP: 17/41 MP: 6/6
  1755 | D:2      | Reached XP level 6. HP: 47/47 MP: 7/7
  2432 | D:3      | Reached skill level 6 in Long Blades
  2502 | D:3      | Reached *** piety under Lugonu
  2527 | D:3      | Noticed Grinder
  2576 | D:3      | Killed Grinder
  2576 | D:3      | Reached skill level 7 in Long Blades
  2576 | D:3      | Reached XP level 7. HP: 30/52 MP: 8/8
  3016 | D:3      | Noticed Ijyb
  3029 | D:3      | Noticed Terence
  3033 | D:3      | Killed Ijyb
  3048 | D:3      | Killed Terence
  3496 | D:3      | Learned a level 4 spell: Petrify
  3676 | D:3      | Found a faded altar to an unknown god.
  4133 | D:4      | Reached skill level 8 in Long Blades
  4299 | D:3      | Reached **** piety under Lugonu
  4505 | D:4      | Reached skill level 1 in Shields
  4514 | D:4      | Reached XP level 8. HP: 45/58 MP: 9/9
  4651 | D:4      | Noticed Robin
  4687 | D:4      | Killed Robin
  5358 | D:4      | Reached skill level 5 in Shields
  5461 | D:5      | Entered Level 5 of the Dungeon
  5476 | D:5      | Noticed Blork the orc
  5511 | D:5      | Killed Blork the orc
  5562 | D:5      | Found a shattered altar of Ashenzari.
  5835 | D:5      | Noticed Edmund
  5840 | D:5      | Noticed Duvessa
  5863 | D:4      | Killed Edmund
  6051 | D:5      | Noticed Dowan
  6170 | D:5      | Killed Dowan
  6177 | D:5      | Killed Duvessa
  6177 | D:5      | Reached XP level 9. HP: 16/64 MP: 12/12
  6496 | D:5      | Learned a level 2 spell: Repel Missiles
  6638 | D:6      | Reached skill level 5 in Earth Magic
  6779 | D:6      | Found a staircase to the Ecumenical Temple.
  6788 | Temple   | Entered the Ecumenical Temple
  6965 | D:6      | Noticed Pikel
  6995 | D:6      | Killed Pikel
  7391 | D:6      | Reached skill level 1 in Spellcasting
  7392 | D:6      | Noticed Menkaure
  7706 | D:6      | Killed Menkaure
  7860 | D:6      | Reached skill level 1 in Transmutations
  8022 | D:6      | Reached skill level 1 in Charms
  8244 | D:7      | Reached ***** piety under Lugonu
  8423 | D:7      | Got a steaming ring mail
  8424 | D:7      | Identified the +2 ring mail of the Earth {Str+3} (You found it on level 7 of the Dungeon)
  8485 | D:7      | Got a transparent dagger
  8610 | D:7      | Found a shattered altar of Ashenzari.
  8610 | D:7      | Found a glowing silver altar of Zin.
  8639 | D:7      | Found a shadowy altar of Dithmenos.
  8639 | D:7      | Found a sacrificial altar of Ru.
  9398 | D:8      | Reached XP level 10. HP: 39/70 MP: 14/14
  9668 | D:8      | Found Nyqiukk's Armour Shop.
  9763 | D:8      | Bought a +0 pair of gloves for 45 gold pieces
  9763 | D:8      | Bought a +0 cloak of poison resistance for 85 gold pieces
  9771 | D:8      | Noticed Frenchkiss's ghost (novice HOFi)
 10002 | D:8      | Slain by Frenchkiss's ghost

Vault maps used:
D:1:      lemuel_arrival_funnel, minmay_misc_feat_alley
D:2:      wad_river_or_something, uniq_sigmund
D:3:      ecumenical_altar_2, uniq_grinder, uniq_terence, uniq_iyjb
D:4:      first_bread, uniq_crazy_yiuf_cottage, uniq_robin
D:5:      nicolae_ashenzari_panopticon, uniq_duvessa, uniq_blork_the_orc,
          uniq_edmund
D:6:      minmay_temple_entry_junction, minmay_misc_feat_rugged, uniq_menkaure,
          uniq_pikel
D:7:      corexii_shack_village, nicolae_overflow_quartered_altars
D:8:      serial_shops, shop, nicolae_benzene_ring,
          hangedman_little_slice_of_home
D:9:      erik_lair_island, eino_jars, corexii_hall_statues_i,
          trog_ov_bears_minmay
Temple:   nicolae_temple_elliptical

Action                   |  1- 3 |  4- 6 |  7- 9 | 10-12 || total
-------------------------+-------+-------+-------+-------++-------
Melee: Falchion          |    88 |    92 |   323 |       ||   503
       Long sword        |       |       |   263 |    66 ||   329
       Scimitar          |       |       |    39 |       ||    39
  Use: Scroll            |       |     5 |    17 |       ||    22
       Potion            |       |     3 |     2 |       ||     5
  Eat: Chunk             |     1 |     4 |    20 |     2 ||    27
       Beef jerky        |       |       |     1 |       ||     1
